 Dungeon Crawl Stone Soup version 0.31-a0-836-g3ceb0a68c4 (webtiles) character file.

Game seed: 7843293743833724819

1016 Kurtz the Cleaver (level 8, -10/52 HPs)
             Began as an Octopode Fighter on Sept 26, 2023.
             Was an Initiate of Makhleb.
             Killed from afar by a steam dragon (13 damage)
             ... with a ball of steam
             ... on level 5 of the Dungeon.
             The game lasted 00:04:18 (3788 turns).

Kurtz the Cleaver (Octopode Fighter)                Turns: 3788, Time: 00:04:19

Health: -10/52     AC:  1    Str: 17    XL:     8   Next: 21%
Magic:  9/9        EV: 19    Int: 10    God:    Makhleb [......]
Gold:   225        SH:  6    Dex: 24    Spells: 7/7 levels left

rFire   . . .        s - +2 flail (holy)
rCold   . . .        b - +0 buckler
rNeg    + . .        (helmet restricted)
rPois   .            r - amulet "Hammete" {Acrobat Fragile Dex+6}
rElec   .            k - ring of positive energy
rCorr   .            l - +5 ring of evasion
SInv    .            j - +6 ring of dexterity
Will    .....        (no ring)
Stlth   +++          (no ring)
HPRegen 0.28/turn    (no ring)
MPRegen 0.11/turn    (no ring)
                     (no ring)

%: acrobat
@: attractive
A: almost no armour, amphibious, 8 rings, camouflage 1, gelatinous body 1,
(nimble swimmer 1), tentacles
a: Renounce Religion


You were on level 5 of the Dungeon.
You worshipped Makhleb.
Makhleb was noncommittal.
You visited 2 branches of the dungeon, and saw 6 of its levels.

You collected 225 gold pieces.

Inventory:

Hand Weapons
 a - a +0 war axe
 s - a +2 flail of holy wrath (weapon)
 t - a +2 whip of flaming
Missiles
 u - 6 poisoned darts
Armour
 b - a +0 buckler (worn)
Jewellery
 d - a ring of wizardry
 j - a +6 ring of dexterity (on tentacle)
 k - a ring of positive energy (left tentacle)
 l - a +5 ring of evasion (right tentacle)
 r - the amulet "Hammete" (around mantle) {Acrobat Fragile Dex+6}
   (You took it off an orc wizard on level 4 of the Dungeon)

   [amulet of the acrobat]

   Acrobat:   It increases your evasion while moving and waiting.
   Dex+6:     It affects your dexterity (+6).
   Fragile:   It will be destroyed if unequipped.
Scrolls
 f - a scroll of amnesia {unknown}
 n - a scroll of noise {unknown}
 o - a scroll of teleportation {unknown}
Potions
 g - a potion of invisibility {unknown}
 h - a potion of curing {unknown}
 i - a potion of haste {unknown}
 m - 2 potions of magic {unknown}
 p - 2 potions of enlightenment {unknown}
 q - a potion of degeneration {unknown}


   Skills:
 - Level 3.0 Fighting
 * Level 9.2 Axes
 - Level 3.0 Dodging
 - Level 3.0 Shields
 * Level 2.5 Invocations


You had 7 spell levels left.
You didn't know any spells.
Your spell library contained the following spells:

 Spells                   Type           Power      Damage    Failure   Level
 Volatile Blastmotes      Fire/Tloc      0%         2d10      82%         3
 Fulminant Prism          Conj/Hex       0%         3d5       99%         4
 Iskenderun's Mystic Bla  Conj/Tloc      0%         2d3       99%         4


Dungeon Overview and Level Annotations

Branches:
Dungeon (5/15)             Temple (1/1) D:4

Altars:
Ashenzari
Cheibriados
Dithmenos
Elyvilon
Fedhas
Hepliaklqana
Kikubaaqudgha
Makhleb
Nemelex Xobeh
Qazlal
Ru
Uskayaw
Vehumet
Wu Jian
Xom
Zin

Annotations:
D:2 1 runed translucent door, Crazy Yiuf


Innate Abilities, Weirdness & Mutations

You cannot wear most types of armour.
You are amphibious.
You can wear up to eight rings at the same time.
Your skin changes colour to match your surroundings (Stealth+).
Your rubbery body absorbs attacks. (AC +1, EV +1)
((You are camouflaged when in or above water. (Stealth+)))
You have tentacles for arms and can constrict up to eight enemies at once.


Message History

Makhleb accepts your kill.
Unknown command.
You barely miss the steam dragon. You squeeze the steam dragon.
The steam dragon is moderately wounded.
The steam dragon breathes steam at you. The ball of steam misses you.
Unknown command.
You hit the steam dragon.
The steam dragon is moderately wounded.
You are engulfed in a cloud of scalding steam.
The steam dragon closely misses you. You block the steam dragon's attack.
Unknown command.
You hit the steam dragon.
The steam dragon is heavily wounded.
The steam dragon bites you. The steam dragon misses you.
You closely miss the steam dragon. Your squeeze misses the steam dragon.
The steam dragon is heavily wounded.
You block the steam dragon's attack. The steam dragon claws you.
You barely miss the steam dragon. Your squeeze misses the steam dragon.
The steam dragon is heavily wounded.
The steam dragon breathes steam at you. The ball of steam misses you.
Unknown command.
You hit the steam dragon.
The steam dragon is heavily wounded.
You are engulfed in a cloud of scalding steam.
The steam dragon misses you. x2
You hit the steam dragon but do no damage.
Your squeeze misses the steam dragon.
The steam dragon is heavily wounded.
You are engulfed in a cloud of scalding steam.
The steam dragon barely misses you. x2
The steam dragon breathes steam at you. The ball of steam hits you!!
* * * LOW HITPOINT WARNING * * *
You hit the steam dragon.
The steam dragon is severely wounded.
The steam dragon breathes steam at you. The ball of steam hits you!
You die...

...##. ....... ## .....
....... . #...# .......
#######. #... ##.......
#...... #..# #....)...
#...... #..# #........
#.....# ###..####........
#.....###<)§§§§@D........
#...........§.###........
#.....###..#.#....######.
#.....# #..#...##.#
#............####.#
#.....###..#.# #.#
#.....# #.##.# #.#
####### ..##.# ..# ### ..


You could see a steam dragon (catching breath).

Vanquished Creatures
  Pikel (D:4)
  A black bear (D:4)
  A bullfrog (D:5)
  A scorpion (D:5)
  2 hounds (D:4)
  An orc priest (D:4)
  Natasha (twice) (D:2)
  An orc wizard (D:4)
  2 iguanas
  3 gnolls (D:3)
  2 adders
  2 worms
  3 dart slugs
  6 orcs
  4 endoplasms
  2 giant cockroaches
  8 goblins
  7 hobgoblins
  6 kobolds
  4 quokkas
  4 ball pythons
  4 bats
  2 frilled lizards (D:1)
  2 rats
71 creatures vanquished.

Notes
Turn   | Place    | Note
-------+----------+-------------------------------------------
     0 | D:1      | Kurtz the Octopode Fighter began the quest for the Orb.
     0 | D:1      | Reached XP level 1. HP: 16/16 MP: 1/1
   284 | D:1      | Reached XP level 2. HP: 21/21 MP: 2/2
   407 | D:1      | Reached skill level 3 in Axes
  1147 | D:2      | Reached XP level 3. HP: 26/26 MP: 3/3
  1309 | D:2      | Noticed Natasha
  1314 | D:2      | Killed Natasha
  1315 | D:2      | Reached skill level 4 in Axes
  1348 | D:2      | Reached XP level 4. HP: 30/31 MP: 4/4
  1713 | D:2      | Noticed Natasha
  1720 | D:2      | Killed Natasha
  1780 | D:2      | Found a runed translucent door.
  1781 | D:2      | Noticed Crazy Yiuf
  2062 | D:3      | Found a white marble altar of Elyvilon.
  2076 | D:3      | Found a radiant altar of Vehumet.
  2137 | D:3      | Found an ancient bone altar of Kikubaaqudgha.
  2397 | D:3      | Reached skill level 5 in Axes
  2397 | D:3      | Reached XP level 5. HP: 27/36 MP: 5/5
  2742 | D:4      | Noticed a black bear
  2833 | D:4      | Identified the amulet "Hammete" {Acrobat Fragile Dex+6}
  3096 | D:4      | Reached skill level 6 in Axes
  3096 | D:4      | Reached XP level 6. HP: 42/42 MP: 6/6
  3241 | D:4      | Found a staircase to the Ecumenical Temple.
  3254 | Temple   | Entered the Ecumenical Temple
  3259 | Temple   | Became a worshipper of Makhleb the Destroyer
  3418 | D:4      | Killed a black bear
  3461 | D:4      | Reached skill level 1 in Invocations
  3601 | D:5      | Entered Level 5 of the Dungeon
  3608 | D:5      | Reached skill level 7 in Axes
  3613 | D:5      | Noticed Pikel
  3629 | D:4      | Killed Pikel
  3630 | D:4      | Reached skill level 8 in Axes
  3630 | D:4      | Reached XP level 7. HP: 15/46 MP: 6/8
  3630 | D:4      | Reached XP level 8. HP: 17/52 MP: 6/9
  3780 | D:5      | Reached skill level 9 in Axes
  3788 | D:5      | Killed from afar by a steam dragon

Illustrated notes

Levels and vault maps discovered:
D:1:      lightli_arrival_quake, layout_basic
D:2:      layout_loops_corners, chequers_serial_rivers_room_b,
          kennysheep_flooded_box, hangedman_decor_growths,
          uniq_crazy_yiuf_cottage, uniq_natasha
D:3:      layout_basic, nicolae_kikubaaqudgha_miasma_corner,
          mainiacjoe_overflow_large_starburst
D:4:      layout_loops_ring, temple_pool_b, kennysheep_donut,
          chequers_serial_rivers_micro_e
D:5:      layout_rooms, mainiacjoe_overflow_alcove_2, enter_ossuary_3,
          chequers_mini_garden, nicolae_custom_books, uniq_pikel
Temple:   nicolae_temple_bog_church

Skill      XL: |  1  2  3  4  5  6  7  8 |
---------------+-------------------------+-----
Axes           | 3 4 5 6 8 9 |  9.2
Invocations    | 2 |  2.5
Fighting       | |  3.0
Dodging        | |  3.0
Shields        | |  3.0

Action                     |  1- 3 |  4- 6 |  7- 9 || total
---------------------------+-------+-------+-------++-------
  Melee: War axe           |    43 |    55 |       ||    98
         Constrict         |    10 |    25 |     3 ||    38
         Tentacles         |     6 |    22 |     4 ||    32
         Whip              |       |    19 |       ||    19
         Flail             |       |    14 |    18 ||    32
    Use: Potion            |       |     1 |     1 ||     2
   Stab: Sleeping          |     9 |     6 |       ||    15
 Armour: Skin              |    18 |    40 |    10 ||    68
  Dodge: Dodged            |    20 |    64 |    16 ||   100
  Block: Buckler           |     3 |    23 |     7 ||    33

Table legend: (Time is in decaauts)
 A = Elapsed time spent in this place.
 B = Non-inter-level travel time spent in this place.
 C = Inter-level travel time spent in this place.
 D = Time resting spent in this place.
 E = Time spent auto-exploring this place.
 F = Levels seen in this place.
 G = Mean time per level.
                   A        B        C        D        E       F      G
               +--------+--------+--------+--------+--------+-----+--------+
         Total |   3822 |   3578 |    244 |    456 |   2507 |   6 |  637.0 |
       Dungeon |   3812 |   3577 |    235 |    456 |   2507 |   5 |  762.4 |
        Temple |     10 |      1 |      9 |      0 |      0 |   1 |   10.0 |
               +--------+--------+--------+--------+--------+-----+--------+

Top non-repeatable levels by time:
     D:1: 1073 daAuts
     D:4: 1048 daAuts
     D:2: 988 daAuts
     D:3: 647 daAuts
     D:5: 54 daAuts
  Temple: 10 daAuts
